 Dungeon Crawl Stone Soup version 0.19-a0-4-ga5c5ac4 (webtiles) character file.

523 kae the Conjurer (level 7, -5/36 HPs)
             Began as a Tengu Fire Elementalist on Apr 28, 2016.
             Slain by an ice beast (14 damage)
             ... on level 4 of the Dungeon.
             The game lasted 00:08:30 (4996 turns).

kae the Conjurer (Tengu Fire Elementalist)          Turns: 4996, Time: 00:08:31

Health: -5/36      AC:  4    Str:  9    XL:     7   Next: 22%
Magic:  4/13       EV: 12    Int: 17    God:
Gold:   162        SH:  0    Dex: 14    Spells: 4 memorised, 2 levels left

rFire  . . .     SeeInvis .     f - +3 dagger (freeze)
rCold  . . .     Gourm    .     a - +1 robe
rNeg   . . .     Faith    .     (no shield)
rPois  .         Spirit   .     (helmet restricted)
rElec  .         Dismiss  .     (no cloak)
rCorr  .         Reflect  .     (no gloves)
SustAt .         Harm     .     (boots unavailable)
MR     .....                    (no amulet)
Stlth  ++........               n - +1 ring of protection
                                d - ring of wizardry

@: not resistant to hostile enchantments, unstealthy
A: beak, talons 3, able to fly 1
a: Fly


You were on level 4 of the Dungeon.
You were not hungry.

You visited 1 branch of the dungeon, and saw 4 of its levels.

You collected 162 gold pieces.

Inventory:

Hand Weapons
 f - a +3 dagger of freezing (weapon)
Armour
 a - a +1 robe (worn)
Jewellery
 d - a ring of wizardry (left hand)
 n - a +1 ring of protection (right hand)
Scrolls
 e - a scroll of enchant weapon
 g - 2 scrolls of identify
 j - a scroll of random uselessness
 m - 2 scrolls of teleportation
Potions
 i - 2 potions of degeneration
 q - a potion of invisibility
 s - a potion of curing
Books
 b - a book of Flames

   Spells                             Type                      Level
   a - Flame Tongue                   Conjuration/Fire             1
   b - Throw Flame                    Conjuration/Fire             2
   c - Conjure Flame                  Conjuration/Fire             3
   d - Inner Flame                    Hexes/Fire                   3
   e - Sticky Flame                   Conjuration/Fire             4
   f - Fireball                       Conjuration/Fire             5
Comestibles
 c - 5 bread rations
 h - 3 chunks of flesh
 l - a slice of pizza
 r - a beef jerky


   Skills:
 - Level 2.1 Dodging
 - Level 2.0 Stealth
 + Level 3.3 Spellcasting
 * Level 6.4 Conjurations
 * Level 6.0 Fire Magic


You had 2 spell levels left.
You knew the following spells:

 Your Spells              Type           Power        Failure   Level  Hunger
a - Flame Tongue          Conj/Fire      ###..        1%          1    None
b - Throw Flame           Conj/Fire      ###...       1%          2    ##.....
c - Conjure Flame         Conj/Fire      ###.....     1%          3    ###....
d - Sticky Flame          Conj/Fire      ###.....     6%          4    ####...


Dungeon Overview and Level Annotations

Branches:
Dungeon (4/15)
 Temple: D:4-7

Altars:
Dithmenos
Fedhas
Makhleb

Annotations:
D:1 Robin
D:2 Sigmund


Innate Abilities, Weirdness & Mutations

You have a beak for a mouth.
You have claws for feet.
You can fly.


Message History

Casting: Flame Tongue
Confirm with . or Enter, or press ? or * to list all spells.
Aiming: Flame Tongue
Press: ? - help, Shift-Dir - straight line, f/p - ice beast
Aim: an ice beast The flame tongue hits the ice beast.
The ice beast melts!
The ice beast is lightly wounded.
The ice beast hits you. The ice beast freezes you!
* * * LOW HITPOINT WARNING * * *
Casting: Flame Tongue
Confirm with . or Enter, or press ? or * to list all spells.
Aiming: Flame Tongue
Press: ? - help, Shift-Dir - straight line, f/p - ice beast
Aim: an ice beast (lightly wounded)
The flame tongue hits the ice beast.
The ice beast melts!
The ice beast is heavily wounded.
The ice beast hits you.
* * * LOW HITPOINT WARNING * * *
The ice beast freezes you!
You die...

#. #. ###.### ..... ....
#..# #..##.Y# ## ####
#..##.@#####.# #.. ....
##..##......>.# #.# ####
........#####.# #.#
.#..##..# # #.# ..#..##..#
#.###.#
#.#..##..#####.....######
#.##.#..##..................
#.##.#...>.##########.######
#.##.####†.# #.#


You could see an ice beast.

Vanquished Creatures
  2 ogres
  3 hounds (D:4)
  An orc wizard (D:3)
  3 worker ants (D:4)
  5 adders
  3 gnolls (D:4)
  A worm (D:2)
  2 dart slugs
  A giant gecko (D:3)
  12 orcs
  3 giant cockroaches
  22 goblins
  6 hobgoblins
  3 jackals (D:2)
  A quokka (D:4)
  3 ball pythons
  7 bats
  4 giant newts
  6 kobolds
  4 rats
92 creatures vanquished.

Notes
Turn   | Place    | Note
--------------------------------------------------------------
     0 | D:1      | kae the Tengu Fire Elementalist began the quest for the Orb.
     0 | D:1      | Reached XP level 1. HP: 10/10 MP: 4/4
   125 | D:1      | Reached XP level 2. HP: 15/15 MP: 3/6
   129 | D:1      | Learned a level 2 spell: Throw Flame
   817 | D:2      | Reached XP level 3. HP: 18/19 MP: 7/7
   822 | D:2      | Learned a level 3 spell: Conjure Flame
  1552 | D:2      | Noticed Robin
  1891 | D:2      | Noticed Sigmund
  1959 | D:2      | Reached XP level 4. HP: 6/24 MP: 2/8
  3564 | D:3      | Found a burning altar of Makhleb.
  3644 | D:3      | Noticed an ogre
  3655 | D:3      | Killed an ogre
  3655 | D:3      | Gained mutation: You can fly. [Tengu growth]
  3655 | D:3      | Reached XP level 5. HP: 28/28 MP: 0/10
  3768 | D:3      | Found a shadowy altar of Dithmenos.
  3836 | D:3      | Reached skill level 5 in Conjurations
  3836 | D:3      | Reached skill level 5 in Fire Magic
  4120 | D:3      | Reached XP level 6. HP: 32/32 MP: 9/11
  4137 | D:3      | Found a blossoming altar of Fedhas.
  4147 | D:3      | Learned a level 4 spell: Sticky Flame
  4746 | D:4      | Reached XP level 7. HP: 36/36 MP: 1/12
  4996 | D:4      | Slain by an ice beast

Vault maps used:
D:1:      saegor_arrival_simple_f, minmay_misc_feat_tower
D:2:      kennysheep_goblin_castle, uniq_sigmund
D:3:      nicolae_overflow_crystal_walls, lemuel_round_altar,
          nicolae_dithmenos_through_a_glass_darkly
D:4:      first_bread, gup_sewer_entry_bowl

Skill      XL: |  1  2  3  4  5  6  7 |
---------------+----------------------+-----
Conjurations   | 2 3 4 5 6 |  6.4
Fire Magic     | 4 5 6 |  6.0
Spellcasting   | 3 |  3.3
Dodging        | |  2.1
Stealth        | |  2.0

Action                   |  1- 3 |  4- 6 |  7- 9 || total
-------------------------+-------+-------+-------++-------
Melee: Dagger            |    60 |    14 |    27 ||   101
       Kick              |    11 |     4 |     6 ||    21
       Peck              |     3 |     1 |     5 ||     9
 Cast: Flame Tongue      |    44 |    98 |    19 ||   161
       Throw Flame       |     2 |    11 |     3 ||    16
       Conjure Flame     |       |     4 |       ||     4
  Use: Scroll            |       |    10 |       ||    10
 Stab: Sleeping          |     1 |       |       ||     1
  Eat: Chunk             |     4 |    10 |     1 ||    15
Armor: Robe              |    16 |    10 |     8 ||    34
Dodge: Dodged            |    52 |    29 |    16 ||    97
